 Dungeon Crawl Stone Soup version 0.24-a0-652-g46ecf6da75 (webtiles) character file.

Game seed: 13212306539100935946, levelgen mode: deterministic

57 Sortefugl the Vandal (level 4, -1/29 HPs)
             Began as a Halfling Hunter on Sept 26, 2019.
             Was a Follower of the Shining One.
             Slain by a gnoll
             ... wielding a +0 spear
              (2 damage)
             ... on level 3 of the Dungeon.
             The game lasted 00:25:24 (2497 turns).

Sortefugl the Vandal (Halfling Hunter)              Turns: 2497, Time: 00:25:24

Health: -1/29      AC:  3    Str: 17    XL:     4   Next: 18%
Magic:  4/4        EV:  8    Int:  9    God:    the Shining One [*.....]
Gold:   123        SH:  0    Dex: 15    Spells: 3/3 levels left

rFire    . . .     SeeInvis .   a - +1 hunting sling
rCold    . . .     Gourm    .   (shield restricted)
rNeg     . . .     Faith    .   c - +0 leather armour
rPois    .         Spirit   .   (no helmet)
rElec    .         Reflect  .   (no cloak)
rCorr    .         Harm     .   (no gloves)
MR       .....                  (no boots)
Stlth    +.........             (no amulet)
HPRegen  0.09/turn              n - +4 ring of strength
MPRegen  0.09/turn              (no ring)

@: held, glowing
A: small, mutation resistance 1
a: Renounce Religion


You were on level 3 of the Dungeon.
You worshipped the Shining One.
The Shining One was aware of your devotion.
You were very hungry.

You visited 1 branch of the dungeon, and saw 3 of its levels.

You collected 123 gold pieces.

Inventory:

Hand Weapons
 a - a +1 hunting sling (weapon)
 b - a +0 short sword
 e - a +0 hunting sling
 h - a +0 spear
 s - a +0 club
 y - a +0 short sword
 B - a +0 whip
 D - a +0 short sword
 F - a +0 hand axe
 H - a +0 flail
Missiles
 d - 3 sling bullets (quivered)
 i - 72 stones
 j - 12 poisoned darts
 p - 14 arrows
 x - 46 bolts
 E - 3 atropa-tipped darts
Armour
 c - a +0 leather armour (worn)
 l - a +0 chain mail
 u - a +0 ring mail
 A - a +0 ring mail
 C - a +0 chain mail
 I - a +0 leather armour
Jewellery
 n - a +4 ring of strength (left hand)
Scrolls
 o - a scroll of blinking {unknown}
 q - 2 scrolls of remove curse
 t - 2 scrolls of identify
 v - a scroll of teleportation {unknown}
Potions
 g - a potion of degeneration {unknown}
 k - a potion of curing
 m - 2 potions of flight {unknown}
 r - a potion of cancellation {unknown}
 z - a potion of might {unknown}
 G - a potion of agility {unknown}
Comestibles
 f - 5 rations


   Skills:
 + Level 2.2 Fighting
 + Level 7.2 Slings
 + Level 1.0 Armour
 + Level 2.3 Dodging
 + Level 1.2 Stealth


You had 3 spell levels left.
You didn't know any spells.
Your spell library was empty.

Dungeon Overview and Level Annotations

Branches:
Dungeon (3/15)

Altars:
Ashenzari
Cheibriados
Ru
Wu Jian
Zin
The Shining One


Innate Abilities, Weirdness & Mutations

You are small and have problems with some larger weapons.
You are somewhat resistant to further mutation.


Message History

You struggle against the net.
The gnoll hits you but does no damage.
You struggle against the net.
The gnoll hits you from afar with a +0 spear!
* * * LOW HITPOINT WARNING * * *
Okay, then.
You feel stronger.
n - a +4 ring of strength (left hand)
As you read the scroll labeled ZOMANO FOYPPE, it crumbles to dust.
It is a scroll of identify.
C - a +0 chain mail The gnoll closely misses you.
The gnoll hits you from afar with a +0 spear.
* * * LOW HITPOINT WARNING * * *
As you read the scroll labeled HEUTAJ BOLAEPN, it crumbles to dust.
It is a scroll of amnesia.
You feel forgetful for a moment. The gnoll hits you but does no damage.
The gnoll hits you.
* * * LOW HITPOINT WARNING * * *
The gnoll hits you from afar with a +0 spear.
You die...

## #.# #..##.#### #.# ..#
#.# #####......... g#.#
##.##.###..........###
.#.# ............##.##..#
.#.# ......###.#.##.##..#
.#.# ..###.# #.#.##.##..#
###.#.# # #.#
#.#.##.##g.###...#.#
##.###.#.##....g##...##.#
##...##.#.#...@gg(.(.....#
#.#.#.#.#.#..#########..##
##...........# #..#
##.###.#.##.# #..# #.#
#)...#.# #.## #
#.###.#.#..# #.#
#.##.......# #.#
#.###.#.#..# #.#
#.##.....#.# #.#


You could see 4 gnolls.

Vanquished Creatures
  An adder (D:2)
  An ooze (D:3)
  A worm (D:2)
  2 dart slugs
  A leopard gecko (D:2)
  An orc (D:3)
  3 giant cockroaches
  2 goblins
  5 hobgoblins
  2 jackals (D:2)
  2 bats (D:3)
  3 frilled lizards
  5 kobolds
  6 rats
35 creatures vanquished.

Notes
Turn   | Place    | Note
-------+----------+-------------------------------------------
     0 | D:1      | Sortefugl the Halfling Hunter began the quest for the Orb.
     0 | D:1      | Reached XP level 1. HP: 14/14 MP: 1/1
    21 | D:1      | Reached skill level 6 in Slings
   631 | D:1      | Reached XP level 2. HP: 19/19 MP: 2/2
   977 | D:2      | Found a sacrificial altar of Ru.
   978 | D:2      | Found an ornate altar of the Wu Jian Council.
   978 | D:2      | Found a glowing silver altar of Zin.
  1029 | D:2      | Found a snail-covered altar of Cheibriados.
  1096 | D:2      | Reached XP level 3. HP: 23/24 MP: 3/3
  1694 | D:2      | Found a shattered altar of Ashenzari.
  2061 | D:3      | Reached skill level 7 in Slings
  2117 | D:3      | Reached XP level 4. HP: 26/29 MP: 4/4
  2269 | D:3      | Found a faded altar of an unknown god.
  2296 | D:3      | Became a worshipper of the Shining One
  2296 | D:3      | Reached * piety under the Shining One
  2344 | D:3      | Reached skill level 1 in Armour
  2497 | D:3      | HP: 1/29 [gnoll (2)]
  2497 | D:3      | Slain by a gnoll

Levels and vault maps discovered:
D:1:      dpeg_arrival_tiny_e, layout_basic, minmay_quantized
D:2:      layout_basic, cheibriados_altar_1, evilmike_ruin_ashenzari,
          chequers_temple_overflow_statue_of_worship
D:3:      layout_loops_ring, chequers_ecumenical_altar_simple_redux,
          st_stairs_9, minivault_27, kennysheep_small_spiral

Skill      XL: |  1  2  3  4 |
---------------+-------------+-----
Slings         | 6 7 |  7.2
Fighting       | 2 |  2.2
Armour         | 1 |  1.0
Dodging        | |  2.3
Stealth        | |  1.2

Action                   |  1- 3 |  4- 6 || total
-------------------------+-------+-------++-------
 Fire: Hunting sling     |   101 |    15 ||   116
  Use: Potion            |     1 |       ||     1
       Scroll            |       |     3 ||     3
  Eat: Ration            |     1 |       ||     1
Armor: Leather armour    |     6 |     2 ||     8
Dodge: Dodged            |    39 |     4 ||    43

Table legend:
 A = Non-vault XP
 B = Vault XP
 C = Vault XP percentage of total XP
 D = Non-vault monster count
 E = Vault monster count
 F = Vault count percentage of total count
                 A         B        C        D         E       F
            +---------+---------+-------+---------+---------+-------
      Total |      78 |       4 |   4.9 |      33 |       2 |   5.7
            +---------+---------+-------+---------+---------+-------
        D:1 |      14 |       0 |   0.0 |       7 |       0 |   0.0
        D:2 |      43 |       0 |   0.0 |      15 |       0 |   0.0
        D:3 |      21 |       4 |  16.0 |      11 |       2 |  15.4
            +---------+---------+-------+---------+---------+-------
